Map: Acid Plant LE

Players

Jason - Winner!

  • Race: Terran Terran
  • Spawn Location: 11:00

THERIDDLER

  • Race: Terran Terran
  • Spawn Location: 5:00

Event: WCS Montreal 2018

VOD

Have the link to the VOD?

Description

Time

  • Played on: Sept. 7, 2018, 1:37 p.m.
  • Length: 12:45

All games in this series

Show
View Real Time Build Order
Export as new Build Order

Jason Terran - Winner!

Build Orders: Gas First Reaper Expand, Reaper Expand, Bio Tank 

Get SALT Encoding   

  12  0:02  SCV  
  13  0:14  SCV  
  13  0:18  Supply Depot  
  14  0:26  SCV  
  14  0:27  Refinery  
  15  0:39  SCV  
  16  0:46  Barracks  
  16  0:51  SCV  
  17  1:03  SCV  
  18  1:16  SCV  
  19  1:33  Orbital Command, Reaper  
  20  1:46  Command Center  
  20  1:57  Factory  
  20  2:00  SCV  
  21  2:05  Reaper  
  22  2:14  Supply Depot  
  22  2:15  SCV  
  23  2:19  Refinery  
  23  2:36  SCV  
  24  2:40  Barracks Reactor  
  24  2:44  Hellion  
  25  2:48  SCV  
  26  2:55  Starport  
  26  2:58  Orbital Command  
  26  3:00  SCV  
  27  3:12  SCV  
  28  3:14  Cyclone  
  28  3:17  Marine  
  28  3:18  Marine  
  33  3:23  SCV  
  33  3:24  SCV  
  35  3:35  Marine x2  
  37  3:43  SCV, Medivac  
  37  3:44  SCV  
  41  3:48  Factory Tech Lab  
  41  3:53  Engineering Bay, Marine x2  
  43  3:55  Supply Depot  
  43  4:02  SCV  
  44  4:03  SCV  
  45  4:11  Supply Depot, Marine  
  45  4:17  Siege Tank, SCV, Marine, Viking  
  46  4:19  SCV  
  54  4:32  Barracks  
  54  4:33  SCV x2  
  54  4:35  Barracks  
  56  4:39  Marine  
  57  4:49  Siege Tank  
  57  4:55  SCV  
  57  4:56  SCV  
  57  4:58  Starport Reactor  
  57  4:59  Refinery  
  54  5:08  SCV  
  54  5:09  Marine  
  54  5:11  Marine  
  54  5:13  SCV  
  53  5:20  Command Center  
  53  5:22  Barracks Tech Lab  
  53  5:23  Terran Infantry Weapons Level 1  
  53  5:24  Barracks Tech Lab  
  53  5:25  SCV x2  
  53  5:28  Marine  
  55  5:30  Marine  
  57  5:37  Siege Tank, SCV  
  57  5:40  SCV  
  57  5:42  Supply Depot  
  62  5:45  Stimpack  
  62  5:48  Supply Depot  
  62  5:49  Refinery  
  62  5:57  Combat Shield  
  62  6:03  Supply Depot, SCV x2, Marine x3  
  67  6:04  Marine  
  67  6:06  Supply Depot  
  68  6:15  SCV x2  
  70  6:18  Medivac  
  70  6:19  Supply Depot, Medivac  
  70  6:21  Marine x3  
  70  6:25  Marauder  
  79  6:27  SCV  
  79  6:28  SCV  
  79  6:31  Supply Depot  
  81  6:35  Orbital Command  
  81  6:39  Marine x2  
  84  6:40  SCV, Barracks  
  84  6:42  Barracks  
  84  6:46  SCV  
  85  6:48  Marine  
  85  6:49  Marauder  
  85  6:53  SCV  
  89  6:57  Marauder  
  89  6:58  Orbital Command, SCV  
  89  7:00  Marine  
  92  7:06  Marine  
  92  7:08  SCV  
  94  7:09  Siege Tank  
  94  7:11  Marauder  
  99  7:17  Medivac x2  
  99  7:18  SCV, Marine  
  99  7:20  Concussive Shells  
  105  7:23  SCV, Marine  
  105  7:24  Marine  
  105  7:27  SCV  
  109  7:40  SCV x3  
  109  7:41  Siege Tank  
  109  7:42  Marine  
  116  7:46  Sensor Tower, Marine, Refinery  
  116  7:47  Refinery  
  117  7:52  SCV  
  99  8:00  Marine  
  99  8:01  Marine  
  99  8:02  Marauder  
  99  8:04  Barracks Tech Lab, Barracks Reactor  
  99  8:05  SCV x3  
  101  8:09  Supply Depot x2, Marine  
  103  8:13  Siege Tank  
  103  8:15  Medivac  
  103  8:16  Medivac  
  103  8:17  SCV x2  
  103  8:18  Marine  
  103  8:19  Marine  
  113  8:23  SCV, Marine  
  113  8:24  Factory  
  106  8:34  Marine x2  
  106  8:36  Marine  
  106  8:37  Marauder  
  106  8:40  SCV, Marine  
  106  8:41  Marine x2  
  114  8:43  SCV x2  
  114  8:45  Command Center  
  117  8:52  Marine  
  117  8:53  Marauder, Medivac x2  
  117  8:54  Marine  
  119  8:56  Siege Tank  
  119  8:59  SCV x2  
  119  9:01  Marine x4  
  125  9:09  Terran Infantry Armor Level 1  
  125  9:11  Factory Tech Lab  
  125  9:12  Engineering Bay  
  125  9:13  Armory  
  125  9:14  Marauder, Marine x2  
  129  9:19  Marine  
  130  9:26  Marine  
  130  9:27  Marauder  
  130  9:28  Siege Tank  
  131  9:35  Marine  
  131  9:36  SCV x2  
  129  9:39  Marauder, Marine x2  
  129  9:44  Starport, Marine  
  135  9:46  Starport  
  135  9:48  Supply Depot  
  135  9:49  Siege Tank  
  135  9:51  Marine  
  135  9:52  Medivac  
  140  9:55  Supply Depot  
  140  9:56  Supply Depot  
  140  9:57  Medivac  
  140  9:58  Marine x2  
  144  10:05  Sensor Tower  
  143  10:08  Marauder, Marine x2  
  143  10:09  Marine x2  
  149  10:16  Siege Tank  
  152  10:21  Marine x2  
  152  10:22  Starport Reactor, Starport, Fusion Core  
  152  10:24  Starport Reactor  
  152  10:27  Marauder, Refinery  
  152  10:28  Marauder, Marine  
  158  10:29  Marine  
  158  10:30  Marauder, Refinery  
  162  10:35  Siege Tank  
  162  10:40  Viking x2  
  162  10:42  Planetary Fortress  
  169  10:46  Marine x2  
  169  10:48  Bunker  
  171  11:00  Starport Tech Lab, Viking  
  173  11:10  Viking x2  
  176  11:16  Liberator  
  168  11:22  Marine x4  
  168  11:23  Marauder x3  
  168  11:24  Siege Tank  
  175  11:33  Viking x3  
  181  11:40  Marine  
  181  11:43  Siege Tank  
  185  11:52  Command Center  
  185  11:56  Siege Tank  
  188  12:02  Viking  
  188  12:06  Viking x2  
  188  12:07  Viking  
  175  12:23  Marine x2  
Show
View Real Time Build Order
Export as new Build Order

THERIDDLER Terran 

Build Orders: Command Center First (CC), Mech 

Get SALT Encoding   

  12  0:00  SCV  
  13  0:13  SCV  
  14  0:17  Supply Depot  
  14  0:25  SCV  
  15  0:39  SCV  
  16  0:51  SCV  
  17  1:01  Command Center  
  17  1:03  SCV  
  18  1:13  Barracks  
  18  1:16  SCV  
  19  1:22  Refinery  
  19  1:28  SCV  
  19  1:30  Refinery  
  20  1:40  SCV  
  21  1:52  SCV  
  22  2:00  Reaper  
  23  2:06  Orbital Command  
  23  2:17  Orbital Command  
  23  2:24  Factory  
  23  2:32  Reaper  
  24  2:42  SCV x2  
  26  2:48  Supply Depot  
  26  2:54  SCV x2  
  28  3:06  SCV x2  
  28  3:07  Cyclone  
  28  3:09  Starport  
  33  3:15  Barracks Reactor  
  33  3:19  SCV x2  
  35  3:27  Supply Depot  
  35  3:31  SCV x2  
  34  3:44  SCV  
  34  3:47  Starport Tech Lab  
  35  3:50  SCV  
  36  4:02  Hellion  
  41  4:04  SCV  
  41  4:05  Raven  
  41  4:06  Hellion  
  41  4:07  SCV  
  44  4:10  Command Center  
  44  4:15  Engineering Bay  
  44  4:16  SCV  
  45  4:20  SCV  
  46  4:28  Cyclone, SCV  
  49  4:32  SCV  
  50  4:39  Supply Depot  
  50  4:40  SCV  
  50  4:44  SCV  
  51  4:52  SCV  
  44  4:56  SCV  
  45  5:05  SCV  
  42  5:07  Missile Turret  
  42  5:08  SCV  
  42  5:13  Missile Turret  
  40  5:18  SCV  
  40  5:20  SCV  
  40  5:21  Raven, Hellion x2  
  46  5:26  Orbital Command  
  48  5:30  SCV  
  48  5:32  SCV  
  50  5:38  Refinery  
  50  5:40  Refinery  
  50  5:42  Cyclone x2, SCV  
  57  5:45  SCV  
  58  5:52  SCV  
  58  5:54  SCV  
  61  5:57  SCV  
  61  6:01  Supply Depot  
  61  6:04  SCV  
  62  6:06  SCV, Factory  
  62  6:09  SCV  
  62  6:14  Hellion  
  62  6:15  Hellion  
  62  6:16  SCV  
  62  6:18  SCV  
  68  6:21  SCV  
  68  6:25  Missile Turret  
  69  6:26  Missile Turret  
  69  6:28  Missile Turret, SCV  
  69  6:29  Missile Turret  
  69  6:30  SCV  
  71  6:33  SCV  
  71  6:36  Starport Reactor  
  71  6:39  Hellion x2  
  76  6:40  SCV  
  76  6:42  SCV  
  76  6:44  Refinery  
  76  6:45  SCV  
  79  6:47  Sensor Tower  
  79  6:49  Refinery, Factory  
  80  6:54  Armory, SCV  
  80  6:57  SCV  
  80  7:00  Orbital Command  
  81  7:03  Siege Tank  
  81  7:05  Cyclone  
  85  7:11  Supply Depot, Cyclone, SCV x2  
  85  7:12  Supply Depot  
  85  7:13  Supply Depot  
  89  7:24  SCV  
  90  7:31  SCV  
  90  7:33  Viking x2  
  90  7:35  Siege Tank  
  90  7:36  SCV  
  93  7:54  Hellbat  
  88  8:02  Factory Tech Lab  
  88  8:03  SCV, Hellion  
  88  8:07  Siege Tank, Orbital Command, SCV  
  88  8:08  Terran Vehicle Weapons Level 1, Viking x2  
  96  8:17  Hellion  
  96  8:18  SCV  
  96  8:19  Refinery, SCV  
  100  8:23  Sensor Tower  
  100  8:24  Refinery, Missile Turret  
  100  8:31  SCV  
  100  8:32  SCV  
  90  8:35  Siege Tank  
  90  8:36  Hellion  
  90  8:40  Cyclone  
  84  8:53  Hellion  
  82  8:56  SCV  
  82  9:00  SCV  
  81  9:03  Siege Tank, Hellion  
  81  9:07  Siege Tank  
  89  9:13  Orbital Command, Hellion  
  91  9:17  Refinery  
  91  9:21  Sensor Tower  
  91  9:22  Refinery  
  91  9:27  Missile Turret  
  91  9:28  Missile Turret  
  88  9:36  Siege Tank  
  88  9:37  Hellion x2  
  93  9:39  SCV  
  93  9:40  SCV  
  93  9:43  SCV  
  96  9:46  Siege Tank  
  96  9:51  SCV  
  100  9:52  SCV  
  100  9:53  Viking x2  
  100  9:56  SCV  
  100  9:58  Hellion  
  108  10:03  SCV  
  108  10:05  SCV  
  110  10:07  Factory  
  110  10:08  SCV  
  110  10:10  Siege Tank, Hellion  
  110  10:13  Factory  
  116  10:15  SCV  
  116  10:17  Supply Depot x2  
  116  10:18  Supply Depot  
  116  10:20  SCV  
  118  10:23  Supply Depot  
  118  10:29  Hellion x2  
  122  10:42  Siege Tank  
  125  10:47  Viking x2, Hellion  
  131  10:50  Siege Tank, Factory Reactor  
  131  10:56  Factory Tech Lab  
  134  11:00  Supply Depot x2, Infernal Pre-Igniter, Hellion  
  115  11:19  Siege Tank x2, Hellion  
  115  11:20  Orbital Command  
  108  11:36  Widow Mine x2  
  102  11:41  Siege Tank  
  102  11:42  Hellion x2  
  102  11:43  SCV x2  
  111  11:47  SCV  
  111  11:49  Viking  
  111  11:51  Siege Tank  
  117  11:55  SCV x2  
  119  12:04  Siege Tank, Hellion x2  
  103  12:24  Hellbat  
Tags
 
Add a new tag
Caveats
  • Supply blocks, unpowered buildings, or Contaminate may cause inaccurate times.
  • Supply counts are checked every 10 seconds.